 Dungeon Crawl Stone Soup version 0.31-a0-1074-g0b22e4e0f1 (webtiles) character file.

Game seed: 17442705062377466787

417 bmb222 the Covert (level 6, -1/48 (53) HPs)
             Began as a Gnoll Delver on Dec 5, 2023.
             Was an Initiate of Okawaru.
             Killed from afar by a white imp (4 damage)
             ... with a puff of frost
             ... on level 4 of the Dungeon.
             The game lasted 00:05:36 (3411 turns).

bmb222 the Covert (Gnoll Delver)                    Turns: 3411, Time: 00:05:37

HP:   -1/48 (53)    AC:  3    Str: 13    XL:     6   Next: 92%
MP:   9/9           EV: 13    Int: 15    God:    Okawaru [......]
Gold: 204           SH:  0    Dex: 14    Spells: 9/9 levels left

rFire   . . .        a - +0 short sword
rCold   . . .        (no shield)
rNeg    . . .        b - +0 leather armour
rPois   .            (no helmet)
rElec   .            e - scarf {+Inv}
rCorr   .            (no gloves)
SInv    .            (no boots)
Will    .....        (no amulet)
Stlth   ++++         k - +6 ring of intelligence
HPRegen 0.28/turn    n - ring of flight
MPRegen 0.11/turn

%: no passive effects
@: flying, hasted, drained, very quick
A: fangs 1, strong nose, distributed training
a: Renounce Religion, Evoke Invisibility


You were on level 4 of the Dungeon.
You worshipped Okawaru.
Okawaru was noncommittal.
You visited 2 branches of the dungeon, and saw 6 of its levels.

You collected 204 gold pieces.

Inventory:

Hand Weapons
 a - a +0 short sword (weapon)
 u - a +0 great sword
Armour
 b - a +0 leather armour (worn)
 e - a scarf of invisibility (worn)
Magical Staves
 h - a staff of death
 p - a staff of air
Jewellery
 k - a +6 ring of intelligence (left hand)
 n - a ring of flight (right hand)
Wands
 g - a wand of digging (3)
Scrolls
 c - a scroll of fog
 d - a scroll of revelation
 l - 5 scrolls of enchant armour {unknown}
 q - 2 scrolls of identify {unknown}
 r - 3 scrolls of teleportation {unknown}
 v - a scroll of silence {unknown}
 x - a scroll of fear
Potions
 f - 2 potions of haste
 i - a potion of magic {unknown}
 j - a potion of degeneration {unknown}
 m - a potion of enlightenment {unknown}
 o - a potion of curing {unknown}
 s - a potion of mutation {unknown}
 t - a potion of attraction {unknown}
 w - a potion of heal wounds {unknown}
 z - a potion of brilliance {unknown}


   Skills:
 + Level 6.9 Fighting
 + Level 5.1 Short Blades
 + Level 2.2 Long Blades
 + Level 2.2 Axes
 + Level 2.2 Maces & Flails
 + Level 2.2 Polearms
 + Level 2.2 Staves
 + Level 2.2 Ranged Weapons
 + Level 2.2 Throwing
 + Level 2.2 Armour
 + Level 5.1 Dodging
 + Level 9.8 Stealth
 + Level 2.2 Shields
 + Level 2.2 Unarmed Combat
 + Level 2.2 Spellcasting
 + Level 1.8 Conjurations
 + Level 1.8 Hexes
 + Level 1.8 Summonings
 + Level 1.8 Necromancy
 + Level 1.8 Translocations
 + Level 1.8 Transmutations
 + Level 1.8 Fire Magic
 + Level 1.8 Ice Magic
 + Level 1.8 Air Magic
 + Level 1.8 Earth Magic
 + Level 1.8 Poison Magic
 + Level 2.4 Invocations
 + Level 2.2 Evocations
 + Level 2.0 Shapeshifting


You had 9 spell levels left.
You didn't know any spells.
Your spell library contained the following spells:

 Spells                   Type           Power      Damage    Failure   Level
 Magic Dart               Conj           28%        1d4       13%         1


Dungeon Overview and Level Annotations

Branches:
Dungeon (5/15)             Temple (1/1) D:4

Altars:
Ashenzari
Cheibriados
Elyvilon
Fedhas
Gozag
Kikubaaqudgha
Nemelex Xobeh
Okawaru
Qazlal
Sif Muna
Uskayaw
Vehumet
Wu Jian
Yredelemnul
Zin
The Shining One


Innate Abilities, Weirdness & Mutations

You have very sharp teeth.
Your uncanny sense of smell can sniff out nearby items.
Your experience applies equally to all skills.


Message History

The adder bites you but does no damage.
You miss the adder. Your bite misses the adder.
The adder is heavily wounded.
The adder bites you.
You hit the adder.
The adder is severely wounded.
The adder barely misses you.
You barely miss the adder. You punch the adder. Your bite misses the adder.
The adder is almost dead.
The adder bites you but does no damage.
You closely miss the adder.
The adder is almost dead.
The adder bites you but does no damage.
You hit the adder.
You kill the adder!
Okawaru accepts your kill. The white imp barely misses you.
The hobgoblin hits you.
You completely miss the hobgoblin. The white imp hits you.
The white imp freezes you.
* * * LOW HITPOINT WARNING * * *
The hobgoblin barely misses you.
You hit the white imp but do no damage.
You bite the white imp, but do no damage.
The white imp closely misses you. The hobgoblin misses you.
You hit the white imp. Your punch misses the white imp. You bite the white imp.
The white imp is moderately wounded.
The white imp gestures at you. The puff of frost hits you!
* * * LOW HITPOINT WARNING * * *
The hobgoblin hits you.
* * * LOW HITPOINT WARNING * * *
Okay, then.
Okay, then.
Okay, then.
You feel drained.
You fail to use your ability.
The white imp closely misses you.
You feel yourself speed up. The white imp gestures at you.
The puff of frost hits you.
You die...

## .. ########.#
#........##.#
#.####.####.#
######'####.####.###
#####.'g......'.........
#.....#5#...#.#.##.#.#..
#...5.#@#._.#.#.##.#.#..
#.....#.#...#.#.##.#.#.#
#.....'.......+.##...#.#
#.....####+####.#####...
#...... #.# ####
#..>.... ... ##._
#........ #.# #8..
#......... ###..
#.........# ##8##.


You could see a white imp and a hobgoblin.

Vanquished Creatures
  An ogre (D:5)
  A bullfrog (D:4)
  A howler monkey (D:4)
  An orc priest (D:4)
  Terence (D:2)
  10 adders
  2 dart slugs
  4 orcs
  10 ball pythons
  6 bats
  7 endoplasms
  2 giant cockroaches
  3 goblins
  14 hobgoblins
  8 jackals
  8 kobolds
  A quokka (D:4)
  3 rats
83 creatures vanquished.

Notes
Turn   | Place    | Note
-------+----------+-------------------------------------------
     0 | D:5      | Reached skill level 9 in Stealth
     0 | D:5      | bmb222 the Gnoll Delver began the quest for the Orb.
     0 | D:5      | Reached XP level 1. HP: 23/23 MP: 1/1
    15 | D:5      | Reached XP level 2. HP: 29/29 MP: 2/2
    20 | D:5      | Noticed an ogre
    25 | D:5      | Killed an ogre
    26 | D:5      | Reached skill level 1 in Long Blades
    26 | D:5      | Reached skill level 1 in Axes
    26 | D:5      | Reached skill level 1 in Maces & Flails
    26 | D:5      | Reached skill level 1 in Polearms
    26 | D:5      | Reached skill level 1 in Staves
    26 | D:5      | Reached skill level 1 in Ranged Weapons
    26 | D:5      | Reached skill level 1 in Throwing
    26 | D:5      | Reached skill level 1 in Armour
    26 | D:5      | Reached skill level 1 in Shields
    26 | D:5      | Reached skill level 1 in Unarmed Combat
    26 | D:5      | Reached skill level 1 in Spellcasting
    26 | D:5      | Reached skill level 1 in Conjurations
    26 | D:5      | Reached skill level 1 in Hexes
    26 | D:5      | Reached skill level 1 in Summonings
    26 | D:5      | Reached skill level 1 in Necromancy
    26 | D:5      | Reached skill level 1 in Translocations
    26 | D:5      | Reached skill level 1 in Transmutations
    26 | D:5      | Reached skill level 1 in Fire Magic
    26 | D:5      | Reached skill level 1 in Ice Magic
    26 | D:5      | Reached skill level 1 in Air Magic
    26 | D:5      | Reached skill level 1 in Earth Magic
    26 | D:5      | Reached skill level 1 in Poison Magic
    26 | D:5      | Reached skill level 1 in Invocations
    26 | D:5      | Reached skill level 1 in Evocations
    26 | D:5      | Reached skill level 1 in Shapeshifting
    26 | D:5      | Reached XP level 3. HP: 35/35 MP: 2/4
    26 | D:5      | Reached XP level 4. HP: 41/41 MP: 2/5
   199 | D:2      | Noticed a phantom
   420 | D:1      | Reached XP level 5. HP: 47/47 MP: 5/7
  1624 | D:2      | Noticed Terence
  1941 | D:2      | Killed Terence
  2170 | D:3      | Found a basalt altar of Yredelemnul.
  2289 | D:3      | Reached XP level 6. HP: 27/53 MP: 8/8
  2433 | D:3      | Found a blossoming altar of Fedhas.
  2433 | D:3      | Found an iron altar of Okawaru.
  2663 | D:4      | Reached skill level 5 in Short Blades
  2663 | D:4      | Reached skill level 5 in Dodging
  2787 | D:4      | Found a staircase to the Ecumenical Temple.
  2821 | Temple   | Entered the Ecumenical Temple
  2894 | D:3      | Became a worshipper of Warmaster Okawaru
  2931 | D:4      | Found an ancient bone altar of Kikubaaqudgha.
  2971 | D:4      | Found a white marble altar of Elyvilon.
  3301 | D:4      | Found a radiant altar of Vehumet.
  3306 | D:4      | Got Vehumet's Codex of Bruises
  3309 | D:4      | Found a shimmering blue altar of Sif Muna.
  3328 | D:4      | Found a glowing silver altar of Zin.
  3328 | D:4      | Noticed an angel
  3362 | D:4      | Found an opulent altar of Gozag.
  3408 | D:4      | HP: 2/53 [hobgoblin (1)]
  3411 | D:4      | Killed from afar by a white imp

Illustrated notes

Levels and vault maps discovered:
D:1:      dpeg_arrival_central, layout_basic, nrook_mini_backslash,
          minmay_tromino_v2
D:2:      layout_basic, uniq_terence
D:3:      layout_rooms, mainiacjoe_overflow_paths,
          gammafunk_temple_overflow_wave
D:4:      layout_basic, grunt_temple_overflow_magic_moments, zin_angel,
          elyvilon_altar_5, mainiacjoe_overflow_six_doors_small,
          minmay_temple_entry_proselytizer, minivault_14, feat_on_display
D:5:      layout_loops_ring, xom_teletrap_fun, bloody_trog,
          minmay_fractal_squares_gapless_5
Temple:   nicolae_temple_little_seven

Skill      XL: |  1  2  3  4  5  6 |
---------------+-------------------+-----
Stealth        | |  9.8
Long Blades    | 1 2 |  2.2
Axes           | 1 2 |  2.2
Maces & Flails | 1 2 |  2.2
Polearms       | 1 2 |  2.2
Staves         | 1 2 |  2.2
Ranged Weapons | 1 2 |  2.2
Throwing       | 1 2 |  2.2
Armour         | 1 2 |  2.2
Shields        | 1 2 |  2.2
Unarmed Combat | 1 2 |  2.2
Spellcasting   | 1 2 |  2.2
Conjurations   | 1 |  1.8
Hexes          | 1 |  1.8
Summonings     | 1 |  1.8
Necromancy     | 1 |  1.8
Translocations | 1 |  1.8
Transmutations | 1 |  1.8
Fire Magic     | 1 |  1.8
Ice Magic      | 1 |  1.8
Air Magic      | 1 |  1.8
Earth Magic    | 1 |  1.8
Poison Magic   | 1 |  1.8
Invocations    | 1 2 |  2.4
Evocations     | 1 2 |  2.2
Shapeshifting  | 1 2 |  2.0
Short Blades   | 5 |  5.1
Dodging        | 5 |  5.1
Fighting       | |  6.9

Action                     |  1- 3 |  4- 6 || total
---------------------------+-------+-------++-------
  Melee: Short sword       |     2 |   176 ||   178
         Staff             |       |   214 ||   214
         Bite              |       |    32 ||    32
         Punch             |       |     7 ||     7
    Use: Scroll            |       |     2 ||     2
         Potion            |       |     1 ||     1
   Stab: Sleeping          |     2 |    24 ||    26
         Distracted        |       |     2 ||     2
 Armour: Leather armour    |       |   231 ||   231
  Dodge: Dodged            |       |   306 ||   306

Table legend: (Time is in decaauts)
 A = Elapsed time spent in this place.
 B = Non-inter-level travel time spent in this place.
 C = Inter-level travel time spent in this place.
 D = Time resting spent in this place.
 E = Time spent auto-exploring this place.
 F = Levels seen in this place.
 G = Mean time per level.
                   A        B        C        D        E       F      G
               +--------+--------+--------+--------+--------+-----+--------+
         Total |   3393 |   3241 |    152 |    435 |   1865 |   6 |  565.5 |
       Dungeon |   3360 |   3212 |    148 |    435 |   1865 |   5 |  672.0 |
        Temple |     33 |     29 |      4 |      0 |      0 |   1 |   33.0 |
               +--------+--------+--------+--------+--------+-----+--------+

Top non-repeatable levels by time:
     D:2: 1018 daAuts
     D:1: 1012 daAuts
     D:4: 694 daAuts
     D:3: 569 daAuts
     D:5: 65 daAuts
  Temple: 33 daAuts
